 Dungeon Crawl Stone Soup version 0.29.1-1-gd02db6906a (webtiles) character file.

Game seed: 9674801155417910470

4536 Bloodgem the Fighter (level 10, -16/91 HPs)
             Began as a Minotaur Fighter on Oct 20, 2022.
             Was an Elder of Okawaru.
             Demolished by an orc warlord
             ... wielding a +9 battleaxe
              (25 damage)
             ... in a bailey.
             The game lasted 00:27:03 (10115 turns).

Bloodgem the Fighter (Minotaur Fighter)            Turns: 10115, Time: 00:27:03

Health: -16/91     AC: 15    Str: 26    XL:     10   Next: 17%
Magic:  7/9        EV: 14    Int:  5    God:    Okawaru [****..]
Gold:   562        SH: 12    Dex:  9    Spells: 9/9 levels left

rFire   . . .      SeeInvis .   a - +0 war axe
rCold   + . .      Faith    .   c - +0 buckler
rNeg    . . .      Spirit   .   E - +0 steam dragon scales
rPois   .          Reflect  +   (helmet restricted)
rElec   .          Harm     .   l - +0 cloak
rCorr   +          Rampage  .   b - +0 pair of gloves
Will    .....                   g - +2 pair of boots
Stlth   +++.......              p - amulet of reflection
HPRegen 0.25/turn               u - ring of protection from cold
MPRegen 0.11/turn               C - ring of resist corrosion

@: heroic
A: horns 2, retaliatory headbutt
a: Renounce Religion, Heroism, Finesse


You were in a bailey.
You worshipped Okawaru.
Okawaru was greatly pleased with you.
You visited 2 branches of the dungeon, and saw 9 of its levels.
You also visited: Sewer and Bailey.

You collected 786 gold pieces.
You spent 224 gold pieces at shops.

Inventory:

Hand Weapons
 a - a +0 war axe (weapon)
 h - a +2 vampiric trident
 J - the +7 whip "Ivylu" {elec, rF- rN++ Int+4}
   (You took it off an orc warrior in a bailey)

   It occasionally discharges a powerful burst of electricity upon striking a
   foe.
   Int:       It affects your intelligence (+4).
   rF:        It makes you vulnerable to fire.
   rN:        It greatly protects you from negative energy.
Armour
 b - a +0 pair of gloves (worn)
 c - a +0 buckler (worn)
 g - a +2 pair of boots (worn)
 l - a +0 cloak (worn)
 y - a +0 plate armour
 E - +0 steam dragon scales (worn)
Jewellery
 p - an amulet of reflection (around neck)
 u - a ring of protection from cold (left hand)
 C - a ring of resist corrosion (right hand)
 I - a +4 ring of evasion
Wands
 D - a wand of polymorph (10)
Scrolls
 e - a scroll of fear
 i - 2 scrolls of identify
 j - 2 scrolls of enchant armour
 k - 6 scrolls of butterflies
 m - 3 scrolls of enchant weapon
 n - 2 scrolls of blinking {unknown}
 o - 2 scrolls of poison {unknown}
 s - a scroll of summoning {unknown}
 v - 6 scrolls of teleportation {unknown}
 w - 5 scrolls of magic mapping
 A - 3 scrolls of amnesia {unknown}
 F - a scroll of vulnerability {unknown}
 G - a scroll of brand weapon {unknown}
 H - a scroll of torment {unknown}
Potions
 d - a potion of experience
 f - 2 potions of attraction {unknown}
 q - 2 potions of heal wounds {unknown}
 r - 2 potions of magic {unknown}
 t - 6 potions of degeneration
 x - 3 potions of flight
 z - 2 potions of curing
 B - a potion of lignification {unknown}
 K - a potion of haste {unknown}
 L - a potion of cancellation {unknown}


   Skills:
 + Level 9.4(14.4) Fighting
 + Level 9.0(14.0) Axes
 + Level 9.4(14.4) Armour
 * Level 3.8(8.8) Dodging
 + Level 9.4(14.4) Shields


You had 9 spell levels left.
You didn't know any spells.
Your spell library contained the following spells:

 Spells                   Type           Power      Damage    Failure   Level
 Apportation              Tloc           0%         N/A       52%         1
 Necrotise                Necr           0%         1d4       52%         1
 Sublimation of Blood     Necr           0%         N/A       67%         2
 Wereblood                Tmut           0%         N/A       67%         2
 Summon Small Mammal      Summ           Unusable   N/A       N/A         1
 Summon Hydra             Summ           Unusable   N/A       N/A         7

Dungeon Overview and Level Annotations

Branches:
Dungeon (8/15)             Temple (1/1) D:4           Sewer (visited)
 Bailey (1/1)
   Lair: D:8-11

Altars:
Ashenzari
Cheibriados
Dithmenos
Elyvilon
Gozag
Hepliaklqana
Kikubaaqudgha
Makhleb
Nemelex Xobeh
Okawaru
Qazlal
Ru
Sif Muna
Trog
Uskayaw
Vehumet
Wu Jian
Xom
Yredelemnul
Zin
The Shining One

Shops:
D:6 *   D:7 [


Innate Abilities, Weirdness & Mutations

You have a pair of horns on your head.
You reflexively headbutt those who attack you in melee.


Message History

You closely miss the orc warrior.
The orc warrior hits you with a +3 scimitar of protection!
You slash the orc warrior!
The orc warrior is heavily wounded.
The orc warrior hits you with a +3 scimitar of protection!
You barely miss the orc warrior.
The orc warrior is heavily wounded.
You block the orc warrior's attack.
You slash the orc warrior! Your headbutt misses the orc warrior.
The orc warrior is almost dead.
The orc warrior hits you with a +3 scimitar of protection.
You slash the orc warrior!
You kill the orc warrior!
Okawaru accepts your kill.
You now have 562 gold pieces (gained 15).
Things that are here:
a +3 scimitar of protection; a +0 scale mail; an orc corpse An orc warlord is nearby!
There is an open door, spattered with blood here.
Things that are here:
a +0 hand axe; a +0 leather armour; 15 gold pieces The orc warlord shouts!
You close the door, pushing everything out of the way.
You see here a +0 hand axe.
Something unseen breaks down the door.
You gain the combat prowess of a mighty hero.
You hit the orc warlord but do no damage.
The orc warlord hits you with a +9 battleaxe!!
You hit the orc warlord.
The orc warlord is lightly wounded.
The orc warlord hits you with a +9 battleaxe!!
* * * LOW HITPOINT WARNING * * *
You barely miss the orc warlord.
The orc warlord is lightly wounded.
You block the orc warlord's attack.
As you read the scroll of fear, it crumbles to dust.
You assume a fearsome visage.
The orc warlord resists with some effort.
The orc warlord hits you with a +9 battleaxe!!
You die...

###.....⌠.....#######
..##.)..)...$##.....##
...'.)......)'[......#
...##.......##)......##
....#.......#.........#
....##88.88##.........##
.....###)###.....⌠.....#
o...###..g###...o.....##
.o..#.......#...@.....#
...##.......##.....).##
...#.........#.......#
..##..o......##..)))##
###...........####'##
..## ##.....## ...#
#.......# ...##
##.......## ....#
#.........#


You could see an orc warlord.

Vanquished Creatures
  Maggie (D:7)
  Prince Ribbit (D:7)
  A wyvern (D:5)
  A steam dragon (D:7)
  A water moccasin (D:7)
  An ice beast (D:7)
  A sky beast (D:7)
  14 orc warriors
  2 ogres
  2 black bears (D:5)
  A phantom (D:4)
  A kobold brigand (D:7)
  A bullfrog (D:8)
  A necrophage (D:6)
  7 scorpions
  A howler monkey (D:5)
  A jelly (D:6)
  5 hounds
  6 orc priests
  4 iguanas
  6 orc wizards
  11 gnolls
  12 adders
  7 river rats
  A white imp (D:5)
  An ufetubus (D:5)
  4 worms
  4 dart slugs
  42 orcs
  10 ball pythons
  12 bats
  13 endoplasms
  9 giant cockroaches
  22 goblins
  17 hobgoblins
  A jackal (Sewer)
  7 quokkas
  7 frilled lizards
  7 kobolds
  5 rats
251 creatures vanquished.

Vanquished Creatures (others)
  An orc wizard (D:8)
1 creature vanquished.

Grand Total: 252 creatures vanquished

Notes
Turn   | Place    | Note
-------+----------+-------------------------------------------
     0 | D:1      | Bloodgem the Minotaur Fighter began the quest for the Orb.
     0 | D:1      | Reached XP level 1. HP: 19/19 MP: 0/0
   281 | D:1      | Reached XP level 2. HP: 27/27 MP: 1/1
   806 | D:1      | Reached XP level 3. HP: 33/33 MP: 2/2
  1362 | D:2      | Found a faded altar of an unknown god.
  1634 | D:3      | Reached XP level 4. HP: 40/41 MP: 3/3
  2258 | D:4      | Noticed a phantom
  2272 | D:4      | Killed a phantom
  2273 | D:4      | Reached XP level 5. HP: 38/47 MP: 4/4
  2434 | D:4      | Reached skill level 5 in Fighting
  2486 | D:4      | Reached skill level 5 in Armour
  2486 | D:4      | Reached skill level 5 in Shields
  2492 | D:4      | Found a glowing drain.
  2602 | Sewer    | Entered a sewer
  2825 | Sewer    | Reached XP level 6. HP: 54/56 MP: 5/5
  4293 | D:4      | Found a staircase to the Ecumenical Temple.
  4305 | Temple   | Entered the Ecumenical Temple
  4312 | Temple   | Became a worshipper of Warmaster Okawaru
  4807 | D:4      | Found a hazy altar of Hepliaklqana.
  4807 | D:4      | Found an opulent altar of Gozag.
  4820 | D:4      | Reached skill level 5 in Axes
  4980 | D:5      | Entered Level 5 of the Dungeon
  4991 | D:5      | Reached XP level 7. HP: 60/62 MP: 6/6
  5025 | D:5      | Noticed a wyvern
  5043 | D:5      | Killed a wyvern
  5043 | D:5      | Reached * piety under Okawaru
  5297 | D:5      | Reached XP level 8. HP: 68/71 MP: 7/7
  5518 | D:5      | Reached ** piety under Okawaru
  6595 | D:6      | Found Buakli's General Store.
  6633 | D:6      | Bought a scroll of identify for 22 gold pieces
  6691 | D:6      | Reached *** piety under Okawaru
  7153 | D:7      | Received a gift from Okawaru
  7373 | D:7      | Found Fitsum's Antique Armour Shop.
  7385 | D:7      | Bought a pair of embroidered boots for 202 gold pieces
  7427 | D:7      | Reached XP level 9. HP: 32/81 MP: 8/8
  7871 | D:7      | Noticed Maggie
  7882 | D:7      | Killed Maggie
  7925 | D:7      | Reached **** piety under Okawaru
  7993 | D:7      | Noticed Prince Ribbit
  8008 | D:7      | Killed Prince Ribbit
  8440 | D:7      | Found a burning altar of Makhleb.
  8617 | D:7      | Reached skill level 1 in Dodging
  8672 | D:8      | Found a flagged portal.
  8686 | Bailey   | Entered a bailey
  9241 | Bailey   | Identified the +7 whip "Ivylu" {elec, rF- rN++ Int+4}
  9296 | Bailey   | Reached XP level 10. HP: 41/91 MP: 6/9
  9670 | Bailey   | Noticed an orc warlord
 10115 | Bailey   | Demolished by an orc warlord

Illustrated notes

Levels and vault maps discovered:
D:1:      psy_arrival_terrarium, layout_loops_corners
D:2:      layout_basic, shapermc_ecumenical_altar_petra
D:3:      layout_basic, minmay_diced_spiral
D:4:      layout_layer_cave, nicolae_overflow_two_pavilions,
          minmay_temple_entry_mini_moons, gup_sewer_entry_spiral,
          hangedman_abyss_or_decor_slice
D:5:      layout_layer_cave
D:6:      layout_gridville, serial_shops, shop_coins,
          hangedman_abyss_or_decor_stagger
D:7:      layout_basic, makhleb_blood_cavern_becter, serial_shops,
          nicolae_shop_competitors_out_of_business, uniq_maggie,
          uniq_prince_ribbit1
D:8:      layout_basic, fedhas_ov_isle_minmay, enter_bailey_3
Temple:   nicolae_temple_no_exploring_needed
Bailey:   bailey_axe_minmay_hex_keep, bailey

Skill      XL: |  1  2  3  4  5  6  7  8  9 10 |
---------------+-------------------------------+-----
Shields        | 4 5 6 7 9 |  9.4
Armour         | 4 5 6 7 9 |  9.4
Fighting       | 4 5 6 7 9 |  9.4
Axes           | 3 4 5 6 7 8 9 |  9.0
Dodging        | 3 |  3.8

Action                   |  1- 3 |  4- 6 |  7- 9 | 10-12 || total
-------------------------+-------+-------+-------+-------++-------
Melee: War axe           |    92 |   221 |   342 |    49 ||   704
       Headbutt          |    12 |    25 |    45 |     6 ||    88
       Unarmed           |       |       |     8 |       ||     8
Invok: Heroism           |       |       |     1 |     2 ||     3
  Use: Potion            |       |     2 |     2 |       ||     4
       Scroll            |       |       |     8 |     2 ||    10
 Stab: Confused          |       |       |     2 |       ||     2
Armor: Chain mail        |    42 |   135 |    59 |       ||   236
       Scale mail        |     2 |       |       |       ||     2
       Plate armour      |       |       |    32 |       ||    32
       Steam dragon scal |       |       |    48 |     7 ||    55
Dodge: Dodged            |    30 |    68 |   114 |    16 ||   228
Block: Buckler           |    18 |   125 |   159 |    24 ||   326
       Reflection        |       |     1 |     3 |       ||     4
